 Dungeon Crawl Stone Soup version 0.29-a0-322-g68df515428 (webtiles) character file.

Game seed: 405902394546487018

1092 bande the Chopper (level 8, -7/48 HPs)
             Began as a Gargoyle Fighter on Apr 10, 2022.
             Was an Initiate of Okawaru.
             Mangled by a gnoll
             ... wielding a +0 halberd
              (10 damage)
             ... on level 6 of the Dungeon.
             The game lasted 00:09:37 (6435 turns).

bande the Chopper (Gargoyle Fighter)                Turns: 6435, Time: 00:09:38

Health: -7/48      AC: 17    Str: 20    XL:     8   Next: 31%
Magic:  9/9        EV:  7    Int:  9    God:    Okawaru [......]
Gold:   196        SH:  6    Dex: 17    Spells: 7/7 levels left

rFire   . . .      SeeInvis .   b - +2 war axe (holy)
rCold   . . .      Faith    .   c - +1 buckler
rNeg    + . .      Spirit   .   m - +0 chain mail
rPois   ∞          Reflect  .   (no helmet)
rElec   +          Harm     .   u - +0 cloak
rCorr   +          Rampage  .   (no gloves)
Will    .....                   (no boots)
Stlth   ..........              (no amulet)
HPRegen 0.16/turn               h - ring of resist corrosion
MPRegen 0.11/turn               g - +6 ring of dexterity

@: no status effects
A: sickness immunity, AC +5, negative energy resistance 1, electricity
resistance, torment resistance 1, petrification resistance
a: Renounce Religion


You were on level 6 of the Dungeon.
You worshipped Okawaru.
Okawaru was noncommittal.
You visited 2 branches of the dungeon, and saw 7 of its levels.

You collected 365 gold pieces.
You spent 169 gold pieces at shops.

Inventory:

Hand Weapons
 a - a +1 war axe
 b - a +2 war axe of holy wrath (weapon)
 o - a +0 flail
Armour
 c - a +1 buckler (worn)
 m - a +0 chain mail (worn)
 u - a +0 cloak (worn)
Jewellery
 g - a +6 ring of dexterity (right hand)
 h - a ring of resist corrosion (left hand)
 r - a +6 ring of strength
Wands
 t - a wand of digging (5)
Scrolls
 e - 3 scrolls of enchant weapon
 j - 2 scrolls of teleportation
 k - 3 scrolls of fear
 q - a scroll of enchant armour
Potions
 d - a potion of might
 f - 3 potions of curing
 i - a potion of cancellation
 l - a potion of heal wounds
 n - a potion of flight
 p - a potion of invisibility {unknown}


   Skills:
 + Level 4.9 Fighting
 + Level 6.1 Axes
 + Level 5.9 Armour
 + Level 4.6 Shields
 * Level 1.7 Invocations
 * Level 1.4 Evocations


You had 7 spell levels left.
You didn't know any spells.
Your spell library contained the following spells:

 Spells                   Type           Power      Damage    Failure   Level
 Apportation              Tloc           0%         N/A       99%         1
 Animate Skeleton         Necr           Unusable   N/A       N/A         1
 Summon Small Mammal      Summ           Unusable   N/A       N/A         1

Dungeon Overview and Level Annotations

Branches:
Dungeon (6/15)             Temple (1/1) D:5

Altars:
Ashenzari
Cheibriados
Dithmenos
Fedhas
Gozag
Hepliaklqana
Makhleb
Okawaru
Qazlal
Ru
Sif Muna
Trog
Uskayaw
Vehumet
Wu Jian
Xom
Zin
The Shining One

Shops:
D:3 (   D:5 *   D:6 (


Innate Abilities, Weirdness & Mutations

You are immune to sickness and miasma.
Your stone body is resilient. (AC +5)
You are immune to poison.
You resist negative energy. (rN+)
You are resistant to electric shocks. (rElec)
You are resistant to unholy torment.
You are immune to petrification.


Message History

The gnoll hits you from afar with a +0 halberd.
You hit the gnoll.
You kill the gnoll!
Okawaru accepts your kill. You block the gnoll's attack.
The gnoll hits you but does no damage.
Items here: )) [ †.
You slash the gnoll!
You kill the gnoll!
Okawaru accepts your kill.
You see here a +0 halberd.
You start resting.
A gnoll comes into view. It is wielding a +0 halberd.
A gnoll is nearby!
A gnoll is nearby!
A gnoll is nearby!
You see here a +0 halberd.
A gnoll comes into view. It is wielding a +0 halberd.
Items here: )) [ †.
The gnoll shouts!
You see here a +0 club.
The gnoll completely misses you. The gnoll hits you but does no damage.
You completely miss the gnoll. The gnoll barely misses you.
You barely miss the gnoll. The gnoll completely misses you.
The gnoll hits you from afar with a +0 halberd!
* * * LOW HITPOINT WARNING * * *
The gnoll hits you but does no damage.
You closely miss the gnoll. You block the gnoll's attack.
The gnoll hits you with a +0 halberd!
* * * LOW HITPOINT WARNING * * *
You slash the gnoll!
The gnoll is heavily wounded.
The gnoll hits you from afar with a +0 halberd.
* * * LOW HITPOINT WARNING * * *
You block the gnoll's attack.
You barely miss the gnoll.
The gnoll is heavily wounded.
You block the gnoll's attack. The gnoll hits you with a +0 halberd!
You die...

#.############.#<#
#......# #.#.#
######.# #.#.#
..#.# #.#.# #.#.#
#.#.###
#######.#.#
#.#....
#.......#.#
#.####. #g...#
#.####. #@####
#...... #.#
####### #g# #)#
#)# #.# #.g....#
########


You could see 2 gnolls.

Vanquished Creatures
  The ghost of indyram44 the Poker, an amateur MfAK of Lugonu (D:5)
  A water moccasin (D:4)
  An ice beast (D:4)
  Blork the orc (D:5)
  A gnoll sergeant (D:6)
  A bullfrog (D:5)
  A necrophage (D:5)
  A scorpion (D:6)
  2 orc priests (D:5)
  Crazy Yiuf (D:5)
  A gnoll shaman (D:4)
  An iguana (D:4)
  2 orc wizards
  10 gnolls
  7 adders
  A white imp (D:5)
  A worm (D:5)
  6 dart slugs
  10 orcs
  8 endoplasms
  2 giant cockroaches
  2 hobgoblins
  A jackal (D:3)
  4 kobolds
  3 quokkas
  8 ball pythons
  7 bats
  8 goblins
  2 rats
95 creatures vanquished.

Notes
Turn   | Place    | Note
-------+----------+-------------------------------------------
     0 | D:1      | bande the Gargoyle Fighter began the quest for the Orb.
     0 | D:1      | Reached XP level 1. HP: 14/14 MP: 1/1
    94 | D:1      | Reached XP level 2. HP: 19/19 MP: 2/2
   266 | D:1      | Reached skill level 2 in Axes
   530 | D:2      | Reached XP level 3. HP: 21/23 MP: 3/3
   834 | D:2      | Reached skill level 3 in Axes
   834 | D:2      | Reached XP level 4. HP: 28/29 MP: 4/4
  1542 | D:3      | Identified the +6 whip of Patterns {vorpal, rElec Will+}
  1802 | D:3      | Found Midasaydd's Antique Weapon Boutique.
  1810 | D:3      | Bought a glowing war axe for 169 gold pieces
  2068 | D:3      | Found an ornate altar of the Wu Jian Council.
  2071 | D:3      | Found a burning altar of Makhleb.
  2646 | D:4      | Reached XP level 5. HP: 30/33 MP: 5/5
  2672 | D:4      | Noticed an ice beast
  2683 | D:4      | Killed an ice beast
  2684 | D:4      | Reached skill level 4 in Axes
  2684 | D:4      | Reached XP level 6. HP: 18/38 MP: 6/6
  3143 | D:4      | Noticed a water moccasin
  3159 | D:4      | Killed a water moccasin
  3338 | D:4      | Reached skill level 5 in Armour
  3735 | D:5      | Entered Level 5 of the Dungeon
  3753 | D:5      | Reached XP level 7. HP: 11/43 MP: 7/7
  3756 | D:5      | Reached skill level 5 in Axes
  4363 | D:5      | Found a runed translucent door.
  4364 | D:5      | Noticed Crazy Yiuf
  4636 | D:5      | Found a runed translucent door.
  4826 | D:5      | Noticed Blork the orc
  4838 | D:5      | Killed Blork the orc
  5008 | D:5      | Found Erpha's Assorted Antiques.
  5196 | D:5      | Found a staircase to the Ecumenical Temple.
  5421 | D:5      | Noticed indyram44's ghost (amateur MfAK)
  5743 | Temple   | Entered the Ecumenical Temple
  5833 | Temple   | Became a worshipper of Warmaster Okawaru
  5914 | D:5      | Killed indyram44's ghost
  5915 | D:5      | Reached skill level 1 in Invocations
  5915 | D:5      | Reached skill level 1 in Evocations
  5915 | D:5      | Reached XP level 8. HP: 42/48 MP: 8/8
  6001 | D:5      | Killed Crazy Yiuf
  6302 | D:6      | Found Biyvax's Antique Weapon Shoppe.
  6418 | D:6      | Reached skill level 6 in Axes
  6435 | D:6      | Mangled by a gnoll

Illustrated notes

Levels and vault maps discovered:
D:1:      dpeg_arrival_windows_large_door, layout_rooms, minmay_misc_feat_roman
D:2:      layout_basic, corexii_item_surrounded_by_moat
D:3:      layout_loops_ring, nicolae_overflow_squiral, serial_shops,
          nicolae_shop_statue_plus, chequers_garden
D:4:      layout_basic
D:5:      layout_layer_cave, minmay_temple_entry_waves,
          cheibrodos_sewer_entry_sluice, serial_shops, kennysheep_mini,
          ebering_ghost_sewer_d, kennysheep_small_square,
          uniq_crazy_yiuf_cottage, uniq_blork_the_orc
D:6:      layout_basic, grunt_nemelex_the_gamble, serial_shops, shop,
          hangedman_minor_gate_pass, uniq_sigmund
Temple:   eino_temple_rhombus

Skill      XL: |  1  2  3  4  5  6  7  8 |
---------------+-------------------------+-----
Axes           | 2 3 4 5 6 |  6.1
Armour         | 4 5 |  5.9
Fighting       | 4 |  4.9
Shields        | 4 |  4.6
Invocations    | 1 |  1.7
Evocations     | 1 |  1.4

Action                   |  1- 3 |  4- 6 |  7- 9 || total
-------------------------+-------+-------+-------++-------
Melee: War axe           |    69 |   126 |   107 ||   302
  Use: Scroll            |     3 |     7 |     1 ||    11
Armor: Scale mail        |    32 |    30 |       ||    62
       Chain mail        |       |    45 |    64 ||   109
Dodge: Dodged            |    38 |    45 |    43 ||   126
Block: Buckler           |    12 |    47 |    41 ||   100

Table legend: (Time is in decaauts)
 A = Elapsed time spent in this place.
 B = Non-inter-level travel time spent in this place.
 C = Inter-level travel time spent in this place.
 D = Time resting spent in this place.
 E = Time spent auto-exploring this place.
 F = Levels seen in this place.
 G = Mean time per level.
                   A        B        C        D        E       F      G
               +--------+--------+--------+--------+--------+-----+--------+
         Total |   6553 |   6218 |    335 |    571 |   4710 |   7 |  936.1 |
       Dungeon |   6446 |   6126 |    320 |    571 |   4635 |   6 | 1074.3 |
        Temple |    106 |     91 |     15 |      0 |     75 |   1 |  106.0 |
               +--------+--------+--------+--------+--------+-----+--------+

Top non-repeatable levels by time:
     D:5: 2495 daAuts
     D:4: 1450 daAuts
     D:2: 1041 daAuts
     D:3: 777 daAuts
     D:1: 535 daAuts
     D:6: 145 daAuts
  Temple: 106 daAuts
